 Dungeon Crawl Stone Soup version 0.28.0-1-gb440e238dd (webtiles) character file.

Game seed: 9396048696601597183

59953 Crownlay the Eclecticist (level 14, -1/88 HPs)
             Began as a Gargoyle Earth Elementalist on Feb 20, 2022.
             Was a High Priest of Vehumet.
             Killed from afar by an orc sorcerer (27 damage)
             ... with a bolt of fire
             ... led by an orc knight
             ... on level 1 of the Orcish Mines.
             The game lasted 00:50:12 (25258 turns).

Crownlay the Eclecticist (GrEE)                    Turns: 25258, Time: 00:50:12

Health: -1/88      AC: 18    Str: 16    XL:     14   Next: 97%
Magic:  43/43      EV: 10    Int: 24    God:    Vehumet [*****.]
Gold:   1187       SH: 11    Dex: 12    Spells: 16/45 levels left

rFire   . . .      SeeInvis .   M - +2 dagger of Brawling {vorpal, Str+3 Int+4 Dex+2}
rCold   . . .      Faith    .   C - +0 kite shield
rNeg    + . .      Spirit   .   E - +0 robe
rPois   ∞          Reflect  .   j - +0 helmet
rElec   +          Harm     .   D - +0 cloak
rCorr   .          Rampage  .   G - +0 pair of gloves
Will    ++...                   I - +2 pair of boots {Stlth+}
Stlth   +++.......              b - amulet of magic regeneration
HPRegen 0.24/turn               p - ring of willpower
MPRegen 0.68/turn               q - ring of magical power

@: flying
A: sickness immunity, AC +10, big wings, negative energy resistance 1,
electricity resistance, torment resistance 1, petrification resistance
a: Renounce Religion


You were on level 1 of the Orcish Mines.
You worshipped Vehumet.
Vehumet was extremely pleased with you.
You visited 4 branches of the dungeon, and saw 19 of its levels.

You collected 1187 gold pieces.

Inventory:

Hand Weapons
 y - the +3 rapier of Suicidal Tendencies {vorpal, Will++ rCorr Str-5 Stlth+}
   (You found it on level 4 of the Dungeon)

   It inflicts extra damage upon your enemies.
   Str:       It affects your strength (-5).
   rCorr:     It protects you from acid and corrosion.
   Will:      It greatly increases your willpower.
   Stlth:     It makes you more stealthy.
 B - the +8 whip "Asky Pegg" {spect, rF++ Int+3}
   (You found it on level 6 of the Dungeon)

   When its wielder attacks, the weapon's spirit leaps out and strikes again.
   The spirit shares a part of any damage it takes with its wielder.
   Int:       It affects your intelligence (+3).
   rF:        It greatly protects you from fire.
 M - the +2 dagger of Brawling (weapon) {vorpal, Str+3 Int+4 Dex+2}
   (You found it on level 2 of the Lair of Beasts)

   It inflicts extra damage upon your enemies.
   Str:       It affects your strength (+3).
   Int:       It affects your intelligence (+4).
   Dex:       It affects your dexterity (+2).
Missiles
 c - 73 stones
Armour
 j - a +0 helmet (worn)
 C - a +0 kite shield (worn)
 D - a +0 cloak (worn)
 E - a +0 robe (worn)
 G - a +0 pair of gloves (worn)
 I - a +2 pair of boots of stealth (worn)
Magical Staves
 l - a staff of air
Jewellery
 b - an amulet of magic regeneration (around neck)
 n - a ring of ice
 p - a ring of willpower (left hand)
 q - a ring of magical power (right hand)
 J - a ring of fire
 L - a ring of magical power
Wands
 k - a wand of flame (22)
 s - a wand of digging (11)
 w - a wand of iceblast (18)
 z - a wand of polymorph (12)
 K - a wand of acid (3)
Scrolls
 h - 4 scrolls of amnesia
 i - 6 scrolls of teleportation
 m - 4 scrolls of immolation
 r - a scroll of enchant armour
 t - 4 scrolls of holy word
 u - 2 scrolls of brand weapon {unknown}
 v - 2 scrolls of vulnerability
 x - a scroll of summoning {unknown}
 N - 2 scrolls of blinking
 O - a scroll of enchant weapon {unknown}
 P - 2 scrolls of magic mapping {unknown}
Potions
 a - 3 potions of haste
 d - 6 potions of heal wounds
 e - 2 potions of resistance {unknown}
 f - 2 potions of might {unknown}
 g - 11 potions of curing
 o - 4 potions of brilliance
 A - 5 potions of flight
 F - 2 potions of cancellation {unknown}
 Q - 2 potions of magic {unknown}
 S - a potion of mutation {unknown}
Miscellaneous
 H - a phantom mirror (inert)


   Skills:
 - Level 10.0 Fighting
 - Level 1.5 Dodging
 - Level 2.1 Stealth
 + Level 9.6 Shields
 * Level 16.2 Spellcasting
 - Level 10.0 Conjurations
 + Level 5.4 Summonings
 - Level 0.7 Transmutations
 - Level 12.3 Earth Magic


You had 16 spell levels left.
You knew the following spells:

 Your Spells              Type           Power      Damage    Failure   Level
a - Sandblast             Erth           100%       2d20      1%          1
b - Passwall              Tmut/Erth      41%        N/A       1%          2
c - Stone Arrow           Conj/Erth      100%       3d13      1%          3
d - Searing Ray           Conj           100%       2d8       1%          2
e - Lee's Rapid Deconstr  Erth           34%        3d18*     1%          5
f - Petrify               Tmut/Erth      50%        N/A       4%          4
g - Irradiate             Conj/Tmut      22%        3d21      5%          5
h - Orb of Destruction    Conj           30%        9d10      22%         7

Your spell library contained the following spells:

 Spells                   Type           Power      Damage    Failure   Level
 Airstrike                Air            9%         N/A       17%         4
 Summon Small Mammal      Summ           100%       N/A       1%          1
 Call Canine Familiar     Summ           45%        N/A       1%          3
 Leda's Liquefaction      Hex/Erth       24%        N/A       4%          4
 Summon Guardian Golem    Hex/Summ       32%        N/A       6%          3
 Ensorcelled Hibernation  Hex/Ice        38%        N/A       10%         2
 Tukima's Dance           Hex            19%        N/A       19%         3
 Summon Mana Viper        Hex/Summ       32%        N/A       50%         5
 Anguish                  Hex/Necr       9%         N/A       54%         4
 Enfeeble                 Hex            9%         N/A       100%        7
 Statue Form              Tmut/Erth      Unusable   N/A       N/A         6

Dungeon Overview and Level Annotations

Branches:
Dungeon (11/15)            Temple (1/1) D:4            Lair (6/6) D:8
 Shoals (0/4) Lair:3       Spider (0/4) Lair:2        Slime (0/5) Lair:6
    Orc (1/2) D:11

Altars:
Ashenzari
Dithmenos
Elyvilon
Fedhas
Gozag
Kikubaaqudgha
Makhleb
Okawaru
Trog
Vehumet
Xom
Yredelemnul
Zin
Jiyva

Shops:
D:3 (   D:6 *   D:7 (   D:9 *

Annotations:
D:3 3 runed translucent doors, benappo's ghost, amateur TrFi
D:9 3 runed translucent doors, braks's ghost, novice TrMo


Innate Abilities, Weirdness & Mutations

You are immune to sickness and miasma.
Your stone body is resilient. (AC +10)
You are immune to poison.
Your large and strong wings let you fly.
You resist negative energy. (rN+)
You are resistant to electric shocks. (rElec)
You are resistant to unholy torment.
You are immune to petrification.


Message History

You kill the orc!
Vehumet accepts your kill.
You feel your power returning.
The blast of sand hits the orc.
The orc is almost dead.
You block the orc's attack.
The blast of sand misses the orc.
You block the orc's attack.
The blast of sand hits the orc!
You kill the orc!
Vehumet accepts your kill.
You feel your power returning.
The blast of sand hits the cyclops!
The cyclops is moderately wounded.
The cyclops hits you!!
The stone arrow hits the cyclops!!
The cyclops is severely wounded.
The stone arrow hits the cyclops!!
You kill the cyclops!
Vehumet accepts your kill.
You feel your power returning.
The blast of sand hits the orc!
You kill the orc!
Vehumet accepts your kill.
You feel your power returning.
Magic restored.
An orc comes into view. It is wielding a +0 dagger.
What are your orders? t - Shout!
Orders for allies: a - Attack new target. r - Retreat! s - Stop attacking. g - Guard the area. f - Follow me.
Anything else - Cancel.
You shout for attention!
You hear a shout! x3
An orc sorcerer comes into view.
It is wielding a +0 dagger and wearing a +2 robe of willpower.
The orc sorcerer casts a spell at you. The bolt of fire hits you!!!
* * * LOW HITPOINT WARNING * * *
The orc sorcerer points at you and mumbles some strange words.
The bolt of fire hits you!!
You die...

##o## #.)o# ##oo# ### #..o####
##.## ##.#...## ##...# #....o..#
##...#### ##.#....# #.....#.#
###...#oo######...#...##
#.....##oo°.#.@..##....# #
#####...#...##)#....#....### ##.
#...###...#.#...#......###.####.#
##.. #....###..###.....###...##..
.....#....###[..##.....#.....##..
#..#..#..#.....#..#..#.........
#...##..oo.#....###..†###...##
#..#..#.....#..#..#............
.....#....#.....##...........##..


You could see an orc sorcerer and an orc.

Vanquished Creatures
  Rupert (Lair:3)
  Kirke (Lair:6)
  An orc warlord (Orc:1)
  Snorg (Lair:5)
  7 hydras
  Harold (D:7)
  3 death yaks (D:8)
  A two-headed ogre (Orc:1)
  Pikel (D:7)
  An orange crystal statue (D:9)
  An orc knight (Orc:1)
  An ugly thing (D:8)
  A wolf spider (D:10)
  A cyclops (Orc:1)
  12 elephants
  Joseph (D:7)
  10 black mambas
  A torpor snail (Lair:4)
  An unseen horror (D:10)
  6 rime drakes
  A gargoyle (D:7)
  17 cane toads
  9 komodo dragons
  6 trolls
  2 polar bears (Lair:6)
  4 tyrant leeches (Lair:6)
  Prince Ribbit (D:7)
  42 blink frogs
  9 dream sheep
  4 wyverns
  31 yaks
  2 culicivoras (Lair:2)
  A wraith (D:11)
  4 basilisks
  5 hogs
  6 vampire mosquitoes
  A warg (Orc:1)
  An acid dragon (D:11)
  Duvessa (D:7)
  14 water moccasins
  13 orc warriors
  3 sky beasts (D:7)
  2 ice beasts
  3 necrophages
  3 ogres
  13 wolves
  A lemure (D:7)
  5 centaurs
  A phantom (D:4)
  A kobold brigand (D:10)
  17 bullfrogs
  A scorpion (D:5)
  A water moccasin zombie (D:7)
  Dowan (D:7)
  13 wights
  6 electric eels
  5 howler monkeys
  A hound (D:5)
  3 lava snakes (D:9)
  2 bullfrog zombies
  5 centaur zombies
  A human zombie (D:7)
  A bullfrog skeleton (D:7)
  7 orc priests
  A gnoll shaman (D:6)
  An iguana (D:5)
  A scorpion zombie (D:3)
  13 orc wizards
  3 killer bee zombies
  A hound zombie (D:5)
  A hound skeleton (D:4)
  2 mummies (D:7)
  4 gnolls (D:6)
  2 howler monkey zombies (D:9)
  3 adders
  A white imp (D:6)
  An ufetubus (D:7)
  An adder skeleton (D:4)
  An adder zombie (D:3)
  3 worms
  A dart slug (D:2)
  47 orcs
  9 ball pythons
  3 endoplasms (D:1)
  3 giant cockroaches
  6 goblins
  5 hobgoblins
  11 jackals (D:1)
  13 kobolds
  3 quokkas
  3 training dummies (D:7)
  4 bats
  6 frilled lizards
  5 rats
  A bush (D:8)
482 creatures vanquished.

Vanquished Creatures (collateral kills)
  An orc warrior (Orc:1)
1 creature vanquished.

Vanquished Creatures (others)
  A human (Lair:6)
  29 fungi
  116 plants
146 creatures vanquished.

Grand Total: 629 creatures vanquished

Notes
Turn   | Place    | Note
-------+----------+-------------------------------------------
     0 | D:1      | Crownlay the Gargoyle Earth Elementalist began the quest
                  | for the Orb.
     0 | D:1      | Reached XP level 1. HP: 10/10 MP: 3/3
   216 | D:1      | Reached XP level 2. HP: 8/15 MP: 3/5
  1066 | D:1      | Reached XP level 3. HP: 19/19 MP: 7/7
  1069 | D:1      | Learned a level 2 spell: Passwall
  1073 | D:1      | Learned a level 3 spell: Stone Arrow
  1396 | D:1      | Reached skill level 3 in Spellcasting
  2579 | D:2      | Reached XP level 4. HP: 11/24 MP: 7/9
  3062 | D:3      | Found a runed translucent gate.
  3063 | D:3      | Found a runed translucent gate.
  3130 | D:3      | Found a blossoming altar of Fedhas.
  3150 | D:3      | Found a faded altar of an unknown god.
  3264 | D:3      | Found a runed translucent gate.
  3376 | D:3      | Noticed benappo's ghost (amateur TrFi)
  3634 | D:3      | Found a basalt altar of Yredelemnul.
  4013 | D:3      | Found Wikki's Antique Weapon Boutique.
  4509 | D:4      | Noticed a phantom
  4873 | D:4      | Reached skill level 4 in Spellcasting
  4873 | D:4      | Reached XP level 5. HP: 28/28 MP: 7/11
  5020 | D:4      | Noticed an ogre
  5030 | D:4      | Killed an ogre
  5031 | D:4      | Reached skill level 5 in Earth Magic
  5157 | D:4      | Got the Tome of Execration and Transmutation
  5253 | D:4      | Found a staircase to the Ecumenical Temple.
  5262 | Temple   | Entered the Ecumenical Temple
  5272 | Temple   | Became a worshipper of Vehumet
  5289 | D:4      | Reached XP level 6. HP: 27/32 MP: 9/13
  5401 | D:4      | Identified the +3 rapier of Suicidal Tendencies {vorpal,
                  | Will++ rCorr Str-5 Stlth+}
  5436 | D:4      | Found a bloodstained altar of Trog.
  5541 | D:4      | Reached skill level 1 in Conjurations
  5970 | D:5      | Entered Level 5 of the Dungeon
  5993 | D:5      | Reached skill level 5 in Spellcasting
  6351 | D:5      | Found an iron altar of Okawaru.
  6396 | D:5      | Noticed a necrophage
  6418 | D:5      | Killed a necrophage
  6419 | D:5      | Reached XP level 7. HP: 22/36 MP: 9/15
  7237 | D:6      | Reached skill level 6 in Spellcasting
  7436 | D:6      | Found a broken altar of Ashenzari.
  7591 | D:6      | Found Gozag's Platinum Reserve.
  7604 | D:6      | Identified the +8 whip "Asky Pegg" {spect, rF++ Int+3}
  7608 | D:6      | Found an opulent altar of Gozag.
  7615 | D:6      | Reached XP level 8. HP: 41/41 MP: 16/17
  7993 | D:6      | Reached * piety under Vehumet
  7993 | D:6      | Offered knowledge of Magic Dart by Vehumet.
  8058 | D:6      | Reached skill level 7 in Spellcasting
  8296 | D:7      | Noticed a gargoyle
  8589 | D:7      | Killed a gargoyle
  8684 | D:7      | Noticed a troll
  8687 | D:7      | Reached skill level 5 in Conjurations
  8687 | D:7      | Reached XP level 9. HP: 45/45 MP: 20/20
  8703 | D:7      | Killed a troll
  8704 | D:7      | Reached skill level 8 in Spellcasting
  8824 | D:7      | Noticed Pikel
  8831 | D:7      | Killed Pikel
  8909 | D:7      | Found Gose's Firing Range.
  9048 | D:7      | Noticed Joseph
  9053 | D:7      | HP: 2/45 [Joseph/sling bullet (21)]
  9054 | D:7      | Killed Joseph
  9055 | D:7      | Reached skill level 9 in Spellcasting
  9486 | D:7      | Noticed Duvessa
  9493 | D:7      | Killed Duvessa
  9562 | D:7      | Noticed Dowan
  9566 | D:7      | Killed Dowan
  9747 | D:7      | Reached XP level 10. HP: 46/50 MP: 23/23
  9851 | D:7      | Noticed Prince Ribbit
  9853 | D:7      | Killed Prince Ribbit
  9958 | D:7      | Found an ancient bone altar of Kikubaaqudgha.
 10009 | D:7      | Offered knowledge of Foxfire by Vehumet.
 10130 | D:7      | Reached ** piety under Vehumet
 10335 | D:7      | Noticed Harold
 10346 | D:7      | Killed Harold
 10347 | D:7      | Reached skill level 10 in Spellcasting
 11012 | D:8      | Found a shadowy altar of Dithmenos.
 11030 | D:8      | Reached skill level 10 in Earth Magic
 11209 | D:8      | Found a white marble altar of Elyvilon.
 11251 | D:8      | Noticed a death yak
 11272 | D:8      | Noticed a death yak
 11272 | D:8      | Noticed a red ugly thing
 11287 | D:8      | Killed a red ugly thing
 11287 | D:8      | Offered knowledge of Searing Ray by Vehumet.
 11348 | D:7      | Learned a level 2 spell: Searing Ray
 11422 | D:8      | Killed a death yak
 11423 | D:8      | Reached skill level 11 in Spellcasting
 11423 | D:8      | Reached XP level 11. HP: 27/54 MP: 26/26
 11754 | D:8      | Found a staircase to the Lair.
 11853 | D:8      | Learned a level 5 spell: Lee's Rapid Deconstruction
 11858 | D:8      | Learned a level 4 spell: Petrify
 12118 | D:8      | Noticed a death yak
 12135 | D:8      | Killed a death yak
 12290 | D:8      | Killed a death yak
 12523 | D:9      | Noticed an orange crystal statue
 12524 | D:9      | Noticed a two-headed ogre
 12569 | D:9      | Reached *** piety under Vehumet
 12570 | D:9      | Killed an orange crystal statue
 12571 | D:9      | Reached skill level 12 in Spellcasting
 12927 | D:9      | Found a burning altar of Makhleb.
 13049 | D:9      | Found a glowing silver altar of Zin.
 13097 | D:9      | Found a runed translucent gate.
 13097 | D:9      | Found a runed translucent gate.
 13097 | D:9      | Found an opulent altar of Gozag.
 13098 | D:9      | Found a runed translucent gate.
 13099 | D:9      | Noticed a stone giant
 13099 | D:9      | Noticed braks's ghost (novice TrMo)
 13244 | D:9      | Noticed a shining eye
 13245 | D:9      | Found Bereh's Assorted Antiques.
 13245 | D:9      | a shining eye changed into an eye of devastation
 13307 | D:10     | Entered Level 10 of the Dungeon
 13317 | D:10     | Reached skill level 1 in Fighting
 13317 | D:10     | Reached skill level 1 in Shields
 13475 | D:10     | Noticed a wolf spider
 13523 | D:10     | Killed a wolf spider
 14202 | D:11     | Offered knowledge of Iskenderun's Mystic Blast by Vehumet.
 14298 | D:10     | Learned a level 5 spell: Irradiate
 14342 | D:11     | Identified the +0 chain mail of Brilliance {rF+ rN+ Str+4
                  | Dex-3}
 14985 | D:11     | Reached **** piety under Vehumet
 15320 | D:11     | Found a staircase to the Orcish Mines.
 15325 | D:11     | Reached XP level 12. HP: 64/64 MP: 28/28
 15510 | D:11     | Noticed an eight-headed hydra
 15516 | D:11     | Killed an eight-headed hydra
 15766 | Lair:1   | Entered Level 1 of the Lair of Beasts
 15838 | Lair:1   | Offered knowledge of Sticky Flame by Vehumet.
 15839 | Lair:1   | Reached skill level 13 in Spellcasting
 15895 | Lair:1   | Noticed an eight-headed hydra
 15903 | Lair:1   | Killed an eight-headed hydra
 16140 | Lair:1   | Noticed an eight-headed hydra
 16145 | Lair:1   | Killed an eight-headed hydra
 16146 | Lair:1   | Reached skill level 5 in Fighting
 16210 | Lair:1   | Noticed a six-headed hydra
 16523 | Lair:1   | Reached skill level 5 in Shields
 16821 | Lair:1   | Killed a six-headed hydra
 17454 | Lair:2   | Identified the +2 dagger of Brawling {vorpal, Str+3 Int+4
                  | Dex+2}
 17675 | Lair:2   | Reached XP level 13. HP: 75/77 MP: 30/30
 17698 | Lair:1   | Reached skill level 14 in Spellcasting
 18572 | Lair:2   | Reached ***** piety under Vehumet
 19037 | Lair:2   | Offered knowledge of Orb of Destruction by Vehumet.
 19058 | Lair:2   | Learned a level 7 spell: Orb of Destruction
 19058 | Lair:2   | Found a hole to the Spider Nest.
 19375 | Lair:3   | Found a staircase to the Shoals.
 19435 | Lair:3   | Reached skill level 1 in Summonings
 19591 | Lair:3   | Noticed Rupert
 19795 | Lair:3   | Paralysed by Rupert for 2 turns
 19801 | Lair:3   | Killed Rupert
 21324 | Lair:5   | Identified the +1 leather armour of the Sun {rF+}
 21367 | Lair:5   | Reached skill level 10 in Fighting
 21526 | Lair:5   | You fall into a shaft and drop 1 floor!
 21526 | Lair:6   | Entered Level 6 of the Lair of Beasts
 21718 | Lair:5   | Reached skill level 15 in Spellcasting
 21767 | Lair:5   | Noticed Snorg
 21776 | Lair:5   | Gained mutation: Your large and strong wings let you fly.
                  | [Gargoyle growth]
 21776 | Lair:5   | Reached XP level 14. HP: 70/88 MP: 21/33
 22022 | Lair:5   | Killed Snorg
 22466 | Lair:6   | Noticed Kirke
 22790 | Lair:6   | Offered knowledge of Airstrike by Vehumet.
 23347 | Lair:6   | Noticed a sphinx
 23578 | Lair:6   | Killed Kirke
 23979 | Lair:6   | Identified the +7 plate armour of Dyfuul {rF+ Str+2}
 24084 | Lair:6   | Found a viscous altar of Jiyva.
 24084 | Lair:6   | Found a staircase to the Slime Pits.
 24150 | Lair:6   | Reached skill level 5 in Summonings
 24401 | Lair:6   | Reached skill level 16 in Spellcasting
 24684 | Orc:1    | Entered Level 1 of the Orcish Mines
 24825 | Orc:1    | Reached skill level 10 in Conjurations
 24868 | Orc:1    | Noticed an orc warlord
 25173 | Orc:1    | Killed an orc warlord
 25258 | Orc:1    | Killed from afar by an orc sorcerer

Illustrated notes

Levels and vault maps discovered:
D:1:      onia_arrival_pyramid, layout_loops_corners, serial_rivers,
          chequers_serial_rivers_large_a, chequers_serial_rivers_micro_e,
          chequers_serial_rivers_micro_a, chequers_serial_rivers_room_a,
          chequers_serial_rivers_room_b, chequers_serial_rivers_marsh,
          nrook_mini_vaults, columned_hall_lemuel
D:2:      layout_loops_ring, minmay_misc_feat_square
D:3:      layout_loops_ring, lemuel_zombie_altar_yredelemnul, fedhas_altar_2,
          hellmonk_ecumenical_altar_blasted, serial_shops,
          nicolae_shop_statue_plus, gammafunk_ghost_icy, kennysheep_small_spiral
D:4:      layout_basic, lemuel_round_altar,
          minmay_temple_entry_drinking_statues, minivault_5
D:5:      layout_cave_pools, kennysheep_okawaru_gauntlet,
          kennysheep_small_circle
D:6:      layout_loops_corners, nicolae_gozag_zags_fifth_avenue,
          ashenzari_conservatory_becter
D:7:      kennysheep_spiral_hall, layout_basic,
          lemuel_mausoleum_altar_kikubaaqudgha, chequers_serial_rivers_micro_e,
          nicolae_shop_firing_range, uniq_pikel, uniq_harold, uniq_joseph,
          uniq_prince_ribbit1, uniq_duvessa
D:8:      layout_loops_ring, mainiacjoe_overflow_tiny_flanked, elyvilon_altar_1,
          dpeg_lair_monsters, kb_lookout_dungeons_type
D:9:      layout_rooms, lemuel_doored_altar, mainiacjoe_overflow_brackets,
          ebering_ghost_gozag, disabler_island
D:10:     layout_irregular_city, kennysheep_generic_room_9
D:11:     layout_layer_cave, erik_orc_2
Temple:   jpeg_temple_clearing
Lair:1:   layout_gridlike, hangedman_lair_generics_rect, grunt_megastairs_1
Lair:2:   layout_cave_pods, hellmonk_spider_entry_life_and_decay,
          grunt_megastairs_4, lemuel_fruit_tree, serial_bayou_shore_a
Lair:3:   layout_small_grid, shoals_dummy_entry, infiniplex_staircase_pool_2,
          uniq_rupert
Lair:4:   layout_misc_corridors, serial_bayou_lagoon_b
Lair:5:   layout_regular_city, lemuel_fruit_fields, infiniplex_staircase_pool,
          uniq_snorg
Lair:6:   minmay_lair_end_frog_pond, layout_hall_layers,
          dpeg_slime_entry_enclosed_altar, uniq_kirke
Orc:1:    layout_diamond_mine, serial_shops, nicolae_diamond_shop,
          bloody_makhleb

Skill      XL: |  1  2  3  4  5  6  7  8  9 10 11 12 13 14 |
---------------+-------------------------------------------+-----
Earth Magic    | 4 5 6 7 9 10 12 | 12.3
Spellcasting   | 3 4 5 6 7 9 11 12 13 15 16 | 16.2
Conjurations   | 2 3 5 6 8 10 | 10.0
Fighting       | 3 7 10 | 10.0
Shields        | 3 6 7 9 |  9.6
Summonings     | 3 5 |  5.4
Dodging        | |  1.5
Stealth        | |  2.1
Transmutations | |  0.7

Action                   |  1- 3 |  4- 6 |  7- 9 | 10-12 | 13-15 || total
-------------------------+-------+-------+-------+-------+-------++-------
Melee: Short sword       |   140 |    54 |       |       |       ||   194
       Punch             |     1 |     1 |       |     1 |       ||     3
       Mace              |       |    12 |       |       |       ||    12
       Rapier            |       |    28 |     3 |       |       ||    31
       Whip              |       |       |       |    23 |       ||    23
       Dagger            |       |       |       |       |     8 ||     8
Throw: Boomerang         |    10 |   103 |       |       |       ||   113
       Stone             |       |    18 |    11 |       |       ||    29
 Cast: Sandblast         |    10 |    36 |    36 |   101 |   222 ||   405
       Stone Arrow       |       |       |    59 |   262 |   322 ||   643
       Searing Ray       |       |       |       |     8 |       ||     8
       Lee's Rapid Decon |       |       |       |    11 |     1 ||    12
       Petrify           |       |       |       |     4 |       ||     4
       Irradiate         |       |       |       |     1 |       ||     1
       Orb of Destructio |       |       |       |       |     3 ||     3
Evoke: Wand              |       |       |       |     8 |    16 ||    24
       Phantom mirror    |       |       |       |     1 |     1 ||     2
  Use: Scroll            |       |       |     7 |     9 |     4 ||    20
 Stab: Sleeping          |     3 |     1 |       |       |       ||     4
Armor: Robe              |    49 |    40 |     9 |    59 |   177 ||   334
       Skin              |       |       |     1 |     5 |       ||     6
Dodge: Dodged            |   110 |    85 |    22 |    84 |   232 ||   533
Block: Kite shield       |       |       |       |       |    10 ||    10
